Workbook

Sheet Filtro 
A1: Mes | B1: (Todas)
A2: Establecimiento | B2: (Todas)
A3: Comuna/ Hospital | B3: (Todas)
A5: Etiquetas de fila | B5: Suma de Col01 | C5: Suma de Col02 | D5: Suma de Col03 | E5: Suma de Col04 | F5: Suma de Col05 | G5: Suma de Col06 | H5: Suma de Col07
A6: 18010100 | B6: 72523 | C6: 0 | D6: 72523
A7: 18010200 | B7: 250441 | C7: 0 | D7: 250441
A8: 18010500 | B8: 2766 | C8: 0 | D8: 2766
A9: 18010601 | B9: 17791 | C9: 0 | D9: 17791
A10: 18010800 | B10: 2067 | C10: 0 | D10: 2067
A11: 18010900 | B11: 92743 | C11: 1375 | D11: 91368
A12: 18011001 | B12: 36942 | C12: 33556 | D12: 3386
A13: 18011002 | B13: 1112 | C13: 59 | D13: 1053
A14: 18020200 | B14: 159 | C14: 107 | D14: 52
A15: 18020300 | B15: 16182 | C15: 13111 | D15: 3071
A16: 18020400 | B16: 716 | C16: 0 | D16: 716
A17: 18020500 | B17: 115153 | C17: 24330 | D17: 90823
... A29: 18050500 | B29: 43566 | C29: 1507 | D29: 42059
A30: 18070100 | B30: 396 | C30: 8 | D30: 241 | E30: 80 | F30: 23 | G30: 1 | H30: 43
A31: 18070300 | B31: 1656 | C31: 365 | D31: 557 | E31: 82 | F31: 64 | G31: 325 | H31: 263
A32: 18090000 | B32: 25966 | C32: 681 | D32: 25281
A33: 18090100 | B33: 48571 | C33: 0 | D33: 48571
A34: 18090200 | B34: 7837 | C34: 1642
A35: 18090300 | B35: 20
A36: 18400400 | B36: 237 | C36: 168 | D36: 69
A37: 18400500 | B37: 230 | C37: 0 | D37: 230
A38: 18400700 | B38: 994625
A39: 18400900 | B39: 12456 | C39: 2365 | D39: 10091
A40: 18700100 | B40: 10934 | C40: 3294 | D40: 6078 | E40: 1562 | F40: 0
A41: 18700110 | B41: 122 | C41: 23 | D41: 66 | E41: 33 | F41: 115 | G41: 7 | H41: 115
A42: 18700140 | B42: 40 | D42: 40 | F42: 28 | G42: 16 | H42: 24
A43: 18700190 | B43: 21 | C43: 0 | D43: 21 | E43: 0 | F43: 21 | G43: 5 | H43: 16
A44: 18700230 | B44: 2246 | C44: 348 | D44: 1681 | E44: 217 | F44: 1326 | G44: 361 | H44: 1254
A45: 18700240 | B45: 16 | D45: 16
A46: 18700250 | B46: 581 | D46: 581
A47: 18700260 | B47: 62 | D47: 62
A48: 18700270 | B48: 1169 | D48: 1169
A49: 18700280 | B49: 174 | D49: 174
A50: 18700290 | B50: 273 | D50: 273
A51: 18700300 | B51: 118 | D51: 118
A52: 18700310 | B52: 418 | D52: 418
A53: 18700330 | B53: 290 | D53: 290
A54: 18700340 | B54: 172 | D54: 172
A55: 18700350 | B55: 336 | D55: 336
A56: 80106002 | B56: 81235 | C56: 11662 | D56: 69573 | E56: 356 | F56: 74717 | G56: 2
A57: 80106005 | B57: 3128 | C57: 1374 | D57: 1754 | E57: 41 | F57: 3069
A58: 80106006 | B58: 1013 | C58: 182 | D58: 831 | E58: 2 | F58: 858 | G58: 0
A59: 80106007 | B59: 752 | C59: 409 | D59: 343 | E59: 89 | F59: 593 | G59: 0
A60: 80106008 | B60: 435 | C60: 140 | D60: 295 | E60: 47 | F60: 279 | G60: 0
A61: 80106009 | B61: 27 | C61: 14 | D61: 13 | E61: 2 | F61: 25 | G61: 0
A62: 80106010 | B62: 815 | C62: 51 | D62: 764 | E62: 320 | F62: 311 | G62: 0
A63: 80106011 | B63: 49 | C63: 39 | D63: 10 | E63: 6 | F63: 44 | G63: 0
A64: 80106012 | B64: 808 | C64: 601 | D64: 207 | E64: 574 | F64: 243 | G64: 0
A65: 80106013 | B65: 5759 | C65: 2944 | D65: 2815 | E65: 167 | F65: 4401 | G65: 0
A66: 80106014 | B66: 292278 | C66: 162735 | D66: 129558 | E66: 3885 | F66: 276995 | G66: 36
A67: 80106015 | B67: 54323 | C67: 45898 | D67: 8425 | E67: 407 | F67: 51546 | G67: 2
A68: 80106017 | B68: 43583 | C68: 1524 | D68: 42059 | E68: 572 | F68: 41037 | G68: 3
A69: 80106020 | B69: 3905 | C69: 3157 | D69: 748 | E69: 57 | F69: 3680 | G69: 0
... A73: 80106024 | B73: 6296 | C73: 439 | D73: 5857 | E73: 0 | F73: 6157 | G73: 0
A74: 80301002 | B74: 0 | E74: 24
A75: 80301011 | B75: 0 | E75: 196
A76: 80301014 | B76: 0 | E76: 116
A77: 80301015 | B77: 2 | C77: 0 | D77: 2 | E77: 1356
A78: 80301026 | B78: 0 | E78: 1767
A79: 80301028 | B79: 0 | E79: 2
A80: 80301030 | B80: 0 | E80: 1
A81: 80301034 | B81: 1111 | D81: 1111 | E81: 2324
A82: 80301035 | B82: 0 | E82: 151
A83: 80301036 | B83: 2511 | C83: 0 | D83: 2511 | E83: 35247
A84: 80301038 | B84: 1399 | C84: 0 | D84: 1399 | E84: 32779
A85: 80301039 | B85: 0 | E85: 145
A86: 80301040 | B86: 0 | E86: 9
A87: 80301041 | B87: 20960 | C87: 0 | D87: 20960 | E87: 47672
A88: 80301042 | B88: 0 | E88: 267
A89: 80301043 | B89: 0 | E89: 29
A90: 80301044 | B90: 0 | E90: 18
A91: 80301045 | B91: 34125 | C91: 0 | D91: 34125 | E91: 61967
A92: 80301058 | B92: 0 | E92: 63
A93: 80301059 | B93: 2297 | C93: 0 | D93: 2297 | E93: 3111
A94: 80301065 | B94: 23 | D94: 23 | E94: 22
A95: 80301067 | B95: 184 | D95: 184 | E95: 38
A96: 80301068 | B96: 0 | E96: 9
A97: 80301072 | B97: 31 | D97: 31
A98: 80301075 | B98: 0 | C98: 0 | E98: 134
A99: 80301077 | B99: 0 | E99: 5
A100: 80301078 | B100: 0 | E100: 17
A101: 80301083 | B101: 0 | E101: 242
A102: 80301085 | B102: 801 | D102: 801 | E102: 1768
A103: 80301086 | B103: 9029 | D103: 9029 | E103: 2037
A104: 80301087 | B104: 50 | C104: 0 | D104: 50 | E104: 2415
A105: 80302005 | B105: 21993 | C105: 0 | D105: 21993 | E105: 39345
A106: 80302008 | B106: 0 | E106: 76
A107: 80302012 | B107: 173 | D107: 173 | E107: 691
A108: 80302013 | B108: 742 | C108: 0 | D108: 742 | E108: 7062
A109: 80302015 | B109: 39 | D109: 39 | E109: 1789
A110: 80302016 | B110: 0 | E110: 2
A111: 80302019 | B111: 0 | E111: 20
A112: 80302020 | B112: 68 | D112: 68 | E112: 1
A113: 80302021 | B113: 0 | E113: 581
A114: 80302022 | B114: 292 | D114: 292 | E114: 1696
A115: 80302023 | B115: 32721 | C115: 0 | D115: 32721 | E115: 85920
...

Sheet BM18
B1: SERVICIO DE SALUD
B2: =CONCATENATE("COMUNA: ",[1]NOMBRE!B2," ","( ",[1]NOMBRE!C2,[1]NOMBRE!D2,[1]NOMBRE!E2,[1]NOMBRE!F2,[1]NOMBRE!G2," )") -> COMUNA: ( )
B3: =CONCATENATE("ESTABLECIMIENTO/ESTRATEGIA: ",[1]NOMBRE!B3," ","( ",[1]NOMBRE!C3,[1]NOMBRE!D3,[1]NOMBRE!E3,[1]NOMBRE!F3,[1]NOMBRE!G3,[1]NOMBRE!H3," )") -> ESTABLECIMIENTO/ESTRATEGIA: ( )
B4: =CONCATENATE("MES: ",[1]NOMBRE!B6," ","( ",[1]NOMBRE!C6,[1]NOMBRE!D6," )") -> MES: ( )
B5: =CONCATENATE("AÑO: ",[1]NOMBRE!B7) -> AÑO: 2023
B8: REM-B18. ACTIVIDADES DE APOYO DIAGNOSTICO Y TERAPEUTICO (USO EXCLUSIVO DE ESTABLECIMIENTOS MUNICIPALES)
B10: SECCIÓN A: EXÁMENES DE DIAGNOSTICO
B11: EXÁMENES | E11: TOTAL | F11: SAPU/SAR/SUR | G11: Resto Establecimientos APS
F12: Total | G12: Total
B13: TOTAL EXÁMENES LABORATORIO | E13: =SUM(F13:G13) -> 486902 | F13: =SUM(F14:F16,F18:F19,F24:F25) -> 1375 | G13: =SUM(G14:G16,G18:G19,G24:G25) -> 485527 | H13: Linea
A14: 18010100 | B14: I | C14: HEMATOLÓGICOS | E14: =IFERROR(VLOOKUP($A14,'Filtro '!$A$5:$H$347,2,FALSE),0) -> 72523 | F14: =IFERROR(VLOOKUP($A14,'Filtro '!$A$5:$H$347,3,FALSE),0) -> 0 | G14: =IFERROR(VLOOKUP($A14,'Filtro '!$A$5:$H$347,4,FALSE),0) -> 72523 | H14: 14
A15: 18010200 | B15: II | C15: BIOQUÍMICOS | E15: =IFERROR(VLOOKUP($A15,'Filtro '!$A$5:$H$347,2,FALSE),0) -> 250441 | F15: =IFERROR(VLOOKUP($A15,'Filtro '!$A$5:$H$347,3,FALSE),0) -> 0 | G15: =IFERROR(VLOOKUP($A15,'Filtro '!$A$5:$H$347,4,FALSE),0) -> 250441 | H15: 15
A16: 18090100 | B16: III | C16: HORMONALES | E16: =IFERROR(VLOOKUP($A16,'Filtro '!$A$5:$H$347,2,FALSE),0) -> 48571 | F16: =IFERROR(VLOOKUP($A16,'Filtro '!$A$5:$H$347,3,FALSE),0) -> 0 | G16: =IFERROR(VLOOKUP($A16,'Filtro '!$A$5:$H$347,4,FALSE),0) -> 48571 | H16: 16
B17: IV | C17: GENÉTICA | H17: 17
A18: 18010500 | B18: V | C18: INMUNOLÓGICOS | E18: =IFERROR(VLOOKUP($A18,'Filtro '!$A$5:$H$347,2,FALSE),0) -> 2766 | F18: =IFERROR(VLOOKUP($A18,'Filtro '!$A$5:$H$347,3,FALSE),0) -> 0 | G18: =IFERROR(VLOOKUP($A18,'Filtro '!$A$5:$H$347,4,FALSE),0) -> 2766 | H18: 18
A19: 18010601 | B19: VI | C19: MICROBIOLÓGICOS | E19: =IFERROR(VLOOKUP($A19,'Filtro '!$A$5:$H$347,2,FALSE),0) -> 17791 | F19: =IFERROR(VLOOKUP($A19,'Filtro '!$A$5:$H$347,3,FALSE),0) -> 0 | G19: =IFERROR(VLOOKUP($A19,'Filtro '!$A$5:$H$347,4,FALSE),0) -> 17791 | H19: 19
C20: a) BACTERIAS Y HONGOS | H20: 20
C21: b) PARÁSITOS | H21: 21
C22: c) VIRUS | H22: 22
B23: VII | C23: PROCEDIMIENTO O DETERMINACIÓN DIRECTA C/PACIENTE | H23: 23
A24: 18010800 | B24: VIII | C24: EX. DE DEPOSICIONES EXUDADOS. SECREC. Y OTROS LIQ. | E24: =IFERROR(VLOOKUP($A24,'Filtro '!$A$5:$H$347,2,FALSE),0) -> 2067 | F24: =IFERROR(VLOOKUP($A24,'Filtro '!$A$5:$H$347,3,FALSE),0) -> 0 | G24: =IFERROR(VLOOKUP($A24,'Filtro '!$A$5:$H$347,4,FALSE),0) -> 2067 | H24: 24
A25: 18010900 | B25: IX | C25: ORINA | E25: =IFERROR(VLOOKUP($A25,'Filtro '!$A$5:$H$347,2,FALSE),0) -> 92743 | F25: =IFERROR(VLOOKUP($A25,'Filtro '!$A$5:$H$347,3,FALSE),0) -> 1375 | G25: =IFERROR(VLOOKUP($A25,'Filtro '!$A$5:$H$347,4,FALSE),0) -> 91368 | H25: 25
B26: TOTAL EXÁMENES IMAGENOLOGIA | E26: =SUM(F26:G26) -> 38054 | F26: =SUM(F27+F28+F44) -> 33615 | G26: =SUM(G27+G28) -> 4439 | H26: 26
A27: 18011001 | B27: a) | C27: EX. RADIOLÓGICOS SIMPLES | E27: =IFERROR(VLOOKUP($A27,'Filtro '!$A$5:$H$347,2,FALSE),0) -> 36942 | F27: =IFERROR(VLOOKUP($A27,'Filtro '!$A$5:$H$347,3,FALSE),0) -> 33556 | G27: =IFERROR(VLOOKUP($A27,'Filtro '!$A$5:$H$347,4,FALSE),0) -> 3386 | H27: 27
A28: 18011002 | C28: Ecotomografías | E28: =IFERROR(VLOOKUP($A28,'Filtro '!$A$5:$H$347,2,FALSE),0) -> 1112 | F28: =IFERROR(VLOOKUP($A28,'Filtro '!$A$5:$H$347,3,FALSE),0) -> 59 | G28: =IFERROR(VLOOKUP($A28,'Filtro '!$A$5:$H$347,4,FALSE),0) -> 1053 | H28: 28
A29: 18400500 | C29: Ecotomografías abdominal | E29: =IFERROR(VLOOKUP($A29,'Filtro '!$A$5:$H$347,2,FALSE),0) -> 230 | F29: =IFERROR(VLOOKUP($A29,'Filtro '!$A$5:$H$347,3,FALSE),0) -> 0 | G29: =IFERROR(VLOOKUP($A29,'Filtro '!$A$5:$H$347,4,FALSE),0) -> 230 | H29: 29
A30: 18700240 | C30: Ecografías Obstétrica Primer Trimestre (<11 semanas) | D30: Médico/a | E30: =IFERROR(VLOOKUP($A30,'Filtro '!$A$5:$H$347,2,FALSE),0) -> 16 | G30: =IFERROR(VLOOKUP($A30,'Filtro '!$A$5:$H$347,4,FALSE),0) -> 16 | H30: 30
A31: 18700250 | D31: Matrón/a | E31: =IFERROR(VLOOKUP($A31,'Filtro '!$A$5:$H$347,2,FALSE),0) -> 581 | G31: =IFERROR(VLOOKUP($A31,'Filtro '!$A$5:$H$347,4,FALSE),0) -> 581 | H31: 31
A32: 18700260 | C32: Ecografias Obstétricas Primer Trimestre (11 - 14 semanas) | D32: Médico/a | E32: =IFERROR(VLOOKUP($A32,'Filtro '!$A$5:$H$347,2,FALSE),0) -> 62 | G32: =IFERROR(VLOOKUP($A32,'Filtro '!$A$5:$H$347,4,FALSE),0) -> 62 | H32: 32
A33: 18700270 | D33: Matrón/a | E33: =IFERROR(VLOOKUP($A33,'Filtro '!$A$5:$H$347,2,FALSE),0) -> 1169 | G33: =IFERROR(VLOOKUP($A33,'Filtro '!$A$5:$H$347,4,FALSE),0) -> 1169 | H33: 33
A34: 18700280 | C34: Ecografias Obstétricas Segundo Trimestre (22 - 24 semanas) | D34: Médico/a | E34: =IFERROR(VLOOKUP($A34,'Filtro '!$A$5:$H$347,2,FALSE),0) -> 174 | G34: =IFERROR(VLOOKUP($A34,'Filtro '!$A$5:$H$347,4,FALSE),0) -> 174 | H34: 34
A35: 18700290 | D35: Matrón/a | E35: =IFERROR(VLOOKUP($A35,'Filtro '!$A$5:$H$347,2,FALSE),0) -> 273 | G35: =IFERROR(VLOOKUP($A35,'Filtro '!$A$5:$H$347,4,FALSE),0) -> 273 | H35: 35
A36: 18700300 | C36: Ecografias Obstétricas Tercer Trimestre (30 - 34 semanas) | D36: Médico/a | E36: =IFERROR(VLOOKUP($A36,'Filtro '!$A$5:$H$347,2,FALSE),0) -> 118 | G36: =IFERROR(VLOOKUP($A36,'Filtro '!$A$5:$H$347,4,FALSE),0) -> 118 | H36: 36
A37: 18700310 | D37: Matrón/a | E37: =IFERROR(VLOOKUP($A37,'Filtro '!$A$5:$H$347,2,FALSE),0) -> 418 | G37: =IFERROR(VLOOKUP($A37,'Filtro '!$A$5:$H$347,4,FALSE),0) -> 418 | H37: 37
C38: Total Ecografías Obstétricas por profesional | D38: Médico/a | E38: =IFERROR(VLOOKUP($A38,'Filtro '!$A$5:$H$347,2,FALSE),0) -> 0 | H38: 38
D39: Matrón/a | E39: =IFERROR(VLOOKUP($A39,'Filtro '!$A$5:$H$347,2,FALSE),0) -> 0 | H39: 39
A40: 18700320 | C40: Ecografía de seguimiento DIU (Regulación de la Fertilidad) | D40: Médico/a | E40: =IFERROR(VLOOKUP($A40,'Filtro '!$A$5:$H$347,2,FALSE),0) -> 0 | G40: =IFERROR(VLOOKUP($A40,'Filtro '!$A$5:$H$347,4,FALSE),0) -> 0 | H40: 40
A41: 18700330 | D41: Matrón/a | E41: =IFERROR(VLOOKUP($A41,'Filtro '!$A$5:$H$347,2,FALSE),0) -> 290 | G41: =IFERROR(VLOOKUP($A41,'Filtro '!$A$5:$H$347,4,FALSE),0) -> 290 | H41: 41
A42: 18700340 | C42: Ecografía Transvaginal (control de Climaterio y Ginecológico) | D42: Médico/a | E42: =IFERROR(VLOOKUP($A42,'Filtro '!$A$5:$H$347,2,FALSE),0) -> 172 | G42: =IFERROR(VLOOKUP($A42,'Filtro '!$A$5:$H$347,4,FALSE),0) -> 172 | H42: 42
A43: 18700350 | D43: Matrón/a | E43: =IFERROR(VLOOKUP($A43,'Filtro '!$A$5:$H$347,2,FALSE),0) -> 336 | G43: =IFERROR(VLOOKUP($A43,'Filtro '!$A$5:$H$347,4,FALSE),0) -> 336 | H43: 43
C44: Total de ecografías obstetricas y ginecologicas | E44: =SUM(E38:E43) -> 798 | H44: 44
H45: 45
B46: SECCIÓN B: PROCEDIMIENTO DE APOYO CLÍNICO Y TERAPÉUTICO | H46: 46
B47: PROCEDIMIENTOS | C47: TOTAL | D47: SAPU/SAR/SUR | E47: Resto Establecimientos APS | H47: 47
D48: Total | E48: Total | H48: 48
A49: 18020100 | B49: PROC. DE NEUROLOGÍA | C49: =IFERROR(VLOOKUP($A49,'Filtro '!$A$5:$H$347,2,FALSE),0) -> 0 | D49: =IFERROR(VLOOKUP($A49,'Filtro '!$A$5:$H$347,3,FALSE),0) -> 0 | E49: =IFERROR(VLOOKUP($A49,'Filtro '!$A$5:$H$347,4,FALSE),0) -> 0 | H49: 49
A50: 18400400 | B50: PROC. DE OFTALMOLOGÍA | C50: =IFERROR(VLOOKUP($A50,'Filtro '!$A$5:$H$347,2,FALSE),0) -> 237 | D50: =IFERROR(VLOOKUP($A50,'Filtro '!$A$5:$H$347,3,FALSE),0) -> 168 | E50: =IFERROR(VLOOKUP($A50,'Filtro '!$A$5:$H$347,4,FALSE),0) -> 69 | H50: 50
A51: 18020200 | B51: PROC. DE OTORRINOLARINGOLOGÍA | C51: =IFERROR(VLOOKUP($A51,'Filtro '!$A$5:$H$347,2,FALSE),0) -> 159 | D51: =IFERROR(VLOOKUP($A51,'Filtro '!$A$5:$H$347,3,FALSE),0) -> 107 | E51: =IFERROR(VLOOKUP($A51,'Filtro '!$A$5:$H$347,4,FALSE),0) -> 52 | H51: 51
A52: 18020300 | B52: PROC. DE NEUMOLOGÍA | C52: =IFERROR(VLOOKUP($A52,'Filtro '!$A$5:$H$347,2,FALSE),0) -> 16182 | D52: =IFERROR(VLOOKUP($A52,'Filtro '!$A$5:$H$347,3,FALSE),0) -> 13111 | E52: =IFERROR(VLOOKUP($A52,'Filtro '!$A$5:$H$347,4,FALSE),0) -> 3071 | H52: 52
A53: 18020400 | B53: PROC. DE DERMATOLOGÍA | C53: =IFERROR(VLOOKUP($A53,'Filtro '!$A$5:$H$347,2,FALSE),0) -> 716 | D53: =IFERROR(VLOOKUP($A53,'Filtro '!$A$5:$H$347,3,FALSE),0) -> 0 | E53: =IFERROR(VLOOKUP($A53,'Filtro '!$A$5:$H$347,4,FALSE),0) -> 716 | H53: 53
A54: 18020500 | B54: PROC. DE CARDIOLOGÍA | C54: =IFERROR(VLOOKUP($A54,'Filtro '!$A$5:$H$347,2,FALSE),0) -> 115153 | D54: =IFERROR(VLOOKUP($A54,'Filtro '!$A$5:$H$347,3,FALSE),0) -> 24330 | E54: =IFERROR(VLOOKUP($A54,'Filtro '!$A$5:$H$347,4,FALSE),0) -> 90823 | H54: 54
A55: 18020600 | B55: PROC. DE GASTROENTEROLOGÍA | C55: =IFERROR(VLOOKUP($A55,'Filtro '!$A$5:$H$347,2,FALSE),0) -> 152 | D55: =IFERROR(VLOOKUP($A55,'Filtro '!$A$5:$H$347,3,FALSE),0) -> 126 | E55: =IFERROR(VLOOKUP($A55,'Filtro '!$A$5:$H$347,4,FALSE),0) -> 26 | H55: 55
A56: 18020700 | B56: PROC. DE UROLOGÍA | C56: =IFERROR(VLOOKUP($A56,'Filtro '!$A$5:$H$347,2,FALSE),0) -> 1299 | D56: =IFERROR(VLOOKUP($A56,'Filtro '!$A$5:$H$347,3,FALSE),0) -> 921 | E56: =IFERROR(VLOOKUP($A56,'Filtro '!$A$5:$H$347,4,FALSE),0) -> 378 | H56: 56
A57: 18020800 | B57: PROC. ORTOPEDIA Y TRAUMATOLOGÍA | C57: =IFERROR(VLOOKUP($A57,'Filtro '!$A$5:$H$347,2,FALSE),0) -> 1644 | D57: =IFERROR(VLOOKUP($A57,'Filtro '!$A$5:$H$347,3,FALSE),0) -> 1641 | E57: =IFERROR(VLOOKUP($A57,'Filtro '!$A$5:$H$347,4,FALSE),0) -> 3 | H57: 57
A58: 18020900 | B58: PROC. GINECOLOGÍA | C58: =IFERROR(VLOOKUP($A58,'Filtro '!$A$5:$H$347,2,FALSE),0) -> 935 | D58: =IFERROR(VLOOKUP($A58,'Filtro '!$A$5:$H$347,3,FALSE),0) -> 0 | E58: =IFERROR(VLOOKUP($A58,'Filtro '!$A$5:$H$347,4,FALSE),0) -> 935 | H58: 58
B59: TOTAL | C59: =SUM(C49:C58) -> 136477 | D59: =SUM(D49:D58) -> 40404 | E59: =SUM(E49:E58) -> 96073 | H59: 59
H60: 60
B61: SECCIÓN C: INTERVENCIONES QUIRÚRGICAS MENORES | H61: 61
D62: TOTAL | E62: SAPU/SAR/SUR | F62: Resto Establecimientos APS | H62: 62
E63: Total | H63: 63
A64: 18030000 | B64: TOTAL INTERVENCIONES QUIRÚRGICAS MENORES (SUB-GRUPO TEGUMENTOS) | D64: =IFERROR(VLOOKUP($A64,'Filtro '!$A$5:$H$347,2,FALSE),0) -> 5212 | E64: =IFERROR(VLOOKUP($A64,'Filtro '!$A$5:$H$347,3,FALSE),0) -> 3055 | F64: =IFERROR(VLOOKUP($A64,'Filtro '!$A$5:$H$347,4,FALSE),0) -> 2157 | H64: 64
B65: SECCIÓN D : INTERVENCIONES QUIRÚRGICAS MENORES, POR EDAD | H65: 65
B66: INTERVENCIONES QUIRÚRGICAS | C66: TOTAL | D66: < 15 AÑOS | E66: 15 Y + AÑOS | H66: 66
B67: TOTAL | C67: =SUM(D67:E67) -> 5103 | D67: =SUM(D68:D69) -> 560 | E67: =SUM(E68:E69) -> 4543 | F67: =V67 -> El Total de Intervenciones Quirúrgicas de la Sección C debe coincidir con el Total de la Seccion D | H67: 67 | V67: =IF(C67=D64,"","El Total de Intervenciones Quirúrgicas de la Sección C debe coincidir con el Total de la Seccion D") -> El Total de Intervenciones Quirúrgicas de la Sección C debe coincidir con el Total de la Seccion D | W67: =IF(C67=D64,0,1) -> 1
A68: 18040100 | B68: SAPU/SAR | C68: =IFERROR(VLOOKUP($A68,'Filtro '!$A$5:$H$347,2,FALSE),0) -> 3055 | D68: =IFERROR(VLOOKUP($A68,'Filtro '!$A$5:$H$347,3,FALSE),0) -> 445 | E68: =IFERROR(VLOOKUP($A68,'Filtro '!$A$5:$H$347,4,FALSE),0) -> 2610 | F68: =V68 | H68: 68 | V68: =IF(C68=E64,"","El Total de Intervenciones Quirúrgicas menores SAPU/SAR debe coincidir con el Total de Intervenciones Quirúrgicas menores SAPU/SAR/SUR de la Sección C. ") | W68: =IF(C68<>BM18A!E592,1,0) -> 1
A69: 18040200 | B69: RESTO ESTABLECIMIENTOS APS | C69: =IFERROR(VLOOKUP($A69,'Filtro '!$A$5:$H$347,2,FALSE),0) -> 2040 | D69: =IFERROR(VLOOKUP($A69,'Filtro '!$A$5:$H$347,3,FALSE),0) -> 115 | E69: =IFERROR(VLOOKUP($A69,'Filtro '!$A$5:$H$347,4,FALSE),0) -> 1933 | F69: =V69 -> * El Total de Intervenciones Quirúrgicas menores NO SAPU debe coincidir con el Total de Intervenciones Quirúrgicas menores NO SAPU/NO SUR de la Sección C. | H69: 69 | V69: =IF(C69=F64,""," * El Total de Intervenciones Quirúrgicas menores NO SAPU debe coincidir con el Total de Intervenciones Quirúrgicas menores NO SAPU/NO SUR de la Sección C. ") -> * El Total de Intervenciones Quirúrgicas menores NO SAPU debe coincidir con el Total de Intervenciones Quirúrgicas menores NO SAPU/NO SUR de la Sección C. | W69: =IF(C69<>BM18A!E593,1,0) -> 1
B70: SECCIÓN E: MISCELÁNEOS | H70: 70
B71: MISCELÁNEOS | C71: TOTAL | D71: SAPU/SAR/SUR | E71: Resto Establecimientos APS | H71: 71
D72: Total | E72: Total | H72: 72
A73: 18090000 | B73: PROCEDIMIENTOS DE PODOLOGIA | C73: =IFERROR(VLOOKUP($A73,'Filtro '!$A$5:$H$347,2,FALSE),0) -> 25966 | D73: =IFERROR(VLOOKUP($A73,'Filtro '!$A$5:$H$347,3,FALSE),0) -> 681 | E73: =IFERROR(VLOOKUP($A73,'Filtro '!$A$5:$H$347,4,FALSE),0) -> 25281 | H73: 73
A74: 18050100 | B74: CURACIÓN SIMPLE AMBULATORIA | C74: =IFERROR(VLOOKUP($A74,'Filtro '!$A$5:$H$347,2,FALSE),0) -> 81098 | D74: =IFERROR(VLOOKUP($A74,'Filtro '!$A$5:$H$347,3,FALSE),0) -> 11557 | E74: =IFERROR(VLOOKUP($A74,'Filtro '!$A$5:$H$347,4,FALSE),0) -> 69573 | H74: 74
A75: 18050400 | B75: CURACION AVANZADA UV | C75: =IFERROR(VLOOKUP($A75,'Filtro '!$A$5:$H$347,2,FALSE),0) -> 6294 | D75: =IFERROR(VLOOKUP($A75,'Filtro '!$A$5:$H$347,3,FALSE),0) -> 437 | E75: =IFERROR(VLOOKUP($A75,'Filtro '!$A$5:$H$347,4,FALSE),0) -> 5857 | H75: 75
A76: 18050500 | B76: CURACION COMPLEJA | C76: =IFERROR(VLOOKUP($A76,'Filtro '!$A$5:$H$347,2,FALSE),0) -> 43566 | D76: =IFERROR(VLOOKUP($A76,'Filtro '!$A$5:$H$347,3,FALSE),0) -> 1507 | E76: =IFERROR(VLOOKUP($A76,'Filtro '!$A$5:$H$347,4,FALSE),0) -> 42059 | H76: 76
A77: 18050200 | B77: AUTOCONTROL PERSONAS CON DIABETES INSULINO DEPENDIENTE (D.I.D. MENSUAL) | C77: =IFERROR(VLOOKUP($A77,'Filtro '!$A$5:$H$347,2,FALSE),0) -> 3128 | D77: =IFERROR(VLOOKUP($A77,'Filtro '!$A$5:$H$347,3,FALSE),0) -> 1374 | E77: =IFERROR(VLOOKUP($A77,'Filtro '!$A$5:$H$347,4,FALSE),0) -> 1754 | H77: 77
A78: 18050300 | B78: OXIGENOTERAPIA A DOMICILIO | C78: =IFERROR(VLOOKUP($A78,'Filtro '!$A$5:$H$347,2,FALSE),0) -> 1009 | D78: =IFERROR(VLOOKUP($A78,'Filtro '!$A$5:$H$347,3,FALSE),0) -> 178 | E78: =IFERROR(VLOOKUP($A78,'Filtro '!$A$5:$H$347,4,FALSE),0) -> 831 | H78: 78
B79: AUTOCONTROL PERSONAS CON DIABETES INSULINO DEPENDIENTE (D.I.D. MENSUAL) | H79: 79
B80: SECCIÓN F: PRESCRIPCIONES ADMINISTRADAS EN URGENCIA | H80: 80
B81: ATENCIÓN | C81: TOTAL | H81: 81
H82: 82
A83: 18400700 | B83: URGENCIA SAPU/SAR/SUR | C83: =IFERROR(VLOOKUP($A83,'Filtro '!$A$5:$H$347,2,FALSE),0) -> 994625 | H83: 83
B84: SECCIÓN G : OTRAS ATENCIONES A PACIENTES AMBULATORIOS | H84: 84
B85: TIPO DE ATENCIÓN | C85: TOTAL | D85: ATENCIONES POR EDAD | J85: 85
D86: < 1 año | E86: 1 - 4 años | F86: 5 a 9 años | G86: 10 a 19 años | H86: 20 a 64 años | I86: 65 años y más | J86: 86
A87: 18070100 | B87: POR TERAPÉUTICA OCUPACIONAL | C87: =IFERROR(VLOOKUP($A87,'Filtro '!$A$5:$H$347,2,FALSE),0) -> 396 | D87: =IFERROR(VLOOKUP($A87,'Filtro '!$A$5:$H$347,3,FALSE),0) -> 8 | E87: =IFERROR(VLOOKUP($A87,'Filtro '!$A$5:$H$347,4,FALSE),0) -> 241 | F87: =IFERROR(VLOOKUP($A87,'Filtro '!$A$5:$H$347,5,FALSE),0) -> 80 | G87: =IFERROR(VLOOKUP($A87,'Filtro '!$A$5:$H$347,6,FALSE),0) -> 23 | H87: =IFERROR(VLOOKUP($A87,'Filtro '!$A$5:$H$347,7,FALSE),0) -> 1 | I87: =IFERROR(VLOOKUP($A87,'Filtro '!$A$5:$H$347,8,FALSE),0) -> 43 | J87: 87
A88: 18070300 | B88: POR KINESIOLOGO (NO SAPU) | C88: =IFERROR(VLOOKUP($A88,'Filtro '!$A$5:$H$347,2,FALSE),0) -> 1656 | D88: =IFERROR(VLOOKUP($A88,'Filtro '!$A$5:$H$347,3,FALSE),0) -> 365 | E88: =IFERROR(VLOOKUP($A88,'Filtro '!$A$5:$H$347,4,FALSE),0) -> 557 | F88: =IFERROR(VLOOKUP($A88,'Filtro '!$A$5:$H$347,5,FALSE),0) -> 82 | G88: =IFERROR(VLOOKUP($A88,'Filtro '!$A$5:$H$347,6,FALSE),0) -> 64 | H88: =IFERROR(VLOOKUP($A88,'Filtro '!$A$5:$H$347,7,FALSE),0) -> 325 | I88: =IFERROR(VLOOKUP($A88,'Filtro '!$A$5:$H$347,8,FALSE),0) -> 263 | J88: 88
A89: 18400900 | B89: POR EDUCADORA DE PÁRVULO/DIFERENCIAL | C89: =IFERROR(VLOOKUP($A89,'Filtro '!$A$5:$H$347,2,FALSE),0) -> 12456 | D89: =IFERROR(VLOOKUP($A89,'Filtro '!$A$5:$H$347,3,FALSE),0) -> 2365 | E89: =IFERROR(VLOOKUP($A89,'Filtro '!$A$5:$H$347,4,FALSE),0) -> 10091 | J89: 89
B90: SECCIÓN H: OTROS TRASLADOS DE PACIENTES | H90: 90
B91: TIPO DE ACCION | D91: TOTAL | E91: POR COMPRA DE SERVICIO | H91: 91
A92: 18090200 | B92: TRASLADOS NO DE URGENCIA | C92: AMBULANCIA | D92: =IFERROR(VLOOKUP($A92,'Filtro '!$A$5:$H$347,2,FALSE),0) -> 7837 | E92: =IFERROR(VLOOKUP($A92,'Filtro '!$A$5:$H$347,3,FALSE),0) -> 1642 | H92: 92
A93: 18090300 | C93: MARÍTIMO | D93: =IFERROR(VLOOKUP($A93,'Filtro '!$A$5:$H$347,2,FALSE),0) -> 20 | E93: =IFERROR(VLOOKUP($A93,'Filtro '!$A$5:$H$347,3,FALSE),0) -> 0 | H93: 93
A94: 18090400 | C94: AÉREO | D94: =IFERROR(VLOOKUP($A94,'Filtro '!$A$5:$H$347,2,FALSE),0) -> 0 | E94: =IFERROR(VLOOKUP($A94,'Filtro '!$A$5:$H$347,3,FALSE),0) -> 0 | H94: 94
B95: SECCIÓN I: EXAMENES PESQUISA COVID-19 | H95: 95
B96: TIPO DE EXÁMEN | C96: TOTAL | D96: Por grupos etarios | G96: POR COMPRA DE SERVICIO | H96: 96
D97: < 15 años | E97: > 15-64 años | F97: 65 y más años | H97: 97
A98: 18700100 | B98: 0306082: Reacción de Polimerasa en Cadena (P.C.R.), virus Influenza, virus Herpes, citomegalovirus, hepatitis C, mycobacteria TBC, SARS CoV -2 c/u (incluye toma muestra hisopado nasofaríngeo). | C98: =IFERROR(VLOOKUP($A98,'Filtro '!$A$5:$H$347,2,FALSE),0) -> 10934 | D98: =IFERROR(VLOOKUP($A98,'Filtro '!$A$5:$H$347,3,FALSE),0) -> 3294 | E98: =IFERROR(VLOOKUP($A98,'Filtro '!$A$5:$H$347,4,FALSE),0) -> 6078 | F98: =IFERROR(VLOOKUP($A98,'Filtro '!$A$5:$H$347,5,FALSE),0) -> 1562 | G98: =IFERROR(VLOOKUP($A98,'Filtro '!$A$5:$H$347,6,FALSE),0) -> 0 | H98: 98
B99: SECCIÓN J: EXAMENES TEST RAPIDOS COVID-19 | H99: 99
B100: Test rápido para detección de anticuerpos CoVID-19 | C100: TOTAL | D100: Por grupos etarios | G100: Informados | H100: Positivo | I100: Negativo | J100: 100
D101: < 15 años | E101: > 15-64 años | F101: 65 y más años | J101: 101
A102: 18700110 | B102: OnSite COVID-19 IgG/IgM Rapid Test | C102: =IFERROR(VLOOKUP($A102,'Filtro '!$A$5:$H$347,2,FALSE),0) -> 122 | D102: =IFERROR(VLOOKUP($A102,'Filtro '!$A$5:$H$347,3,FALSE),0) -> 23 | E102: =IFERROR(VLOOKUP($A102,'Filtro '!$A$5:$H$347,4,FALSE),0) -> 66 | F102: =IFERROR(VLOOKUP($A102,'Filtro '!$A$5:$H$347,5,FALSE),0) -> 33 | G102: =IFERROR(VLOOKUP($A102,'Filtro '!$A$5:$H$347,6,FALSE),0) -> 115 | H102: =IFERROR(VLOOKUP($A102,'Filtro '!$A$5:$H$347,7,FALSE),0) -> 7 | I102: =IFERROR(VLOOKUP($A102,'Filtro '!$A$5:$H$347,8,FALSE),0) -> 115 | J102: 102
A103: 18700120 | B103: DPP® COVID-19 IgM/IgG System | C103: =IFERROR(VLOOKUP($A103,'Filtro '!$A$5:$H$347,2,FALSE),0) -> 0 | D103: =IFERROR(VLOOKUP($A103,'Filtro '!$A$5:$H$347,3,FALSE),0) -> 0 | E103: =IFERROR(VLOOKUP($A103,'Filtro '!$A$5:$H$347,4,FALSE),0) -> 0 | F103: =IFERROR(VLOOKUP($A103,'Filtro '!$A$5:$H$347,5,FALSE),0) -> 0 | G103: =IFERROR(VLOOKUP($A103,'Filtro '!$A$5:$H$347,6,FALSE),0) -> 0 | H103: =IFERROR(VLOOKUP($A103,'Filtro '!$A$5:$H$347,7,FALSE),0) -> 0 | I103: =IFERROR(VLOOKUP($A103,'Filtro '!$A$5:$H$347,8,FALSE),0) -> 0 | J103: 103
...

Sheet BM18A
B1: SERVICIO DE SALUD
B2: =CONCATENATE("COMUNA: ",[1]NOMBRE!B2," ","( ",[1]NOMBRE!C2,[1]NOMBRE!D2,[1]NOMBRE!E2,[1]NOMBRE!F2,[1]NOMBRE!G2," )") -> COMUNA: ( )
B3: =CONCATENATE("ESTABLECIMIENTO/ESTRATEGIA: ",[1]NOMBRE!B3," ","( ",[1]NOMBRE!C3,[1]NOMBRE!D3,[1]NOMBRE!E3,[1]NOMBRE!F3,[1]NOMBRE!G3,[1]NOMBRE!H3," )") -> ESTABLECIMIENTO/ESTRATEGIA: ( )
B4: =CONCATENATE("MES: ",[1]NOMBRE!B6," ","( ",[1]NOMBRE!C6,[1]NOMBRE!D6," )") -> MES: ( )
B5: =CONCATENATE("AÑO: ",[1]NOMBRE!B7) -> AÑO: 2023
B7: REM-18A - LIBRO DE PRESTACIONES DE APOYO DIAGNOSTICO y TERAPÉUTICO (USO EXCLUSIVO DE ESTABLECIMIENTOS MUNICIPALES)
B9: SECCIÓN A: EXÁMENES DE DIAGNOSTICO
B10: CÓDIGOS | C10: EXÁMENES | D10: TOTAL | E10: SAPU/SAR/SUR | F10: Resto Establecimientos APS | G10: Compra de Servicios
B12: SANGRE HEMATOLOGÍA | H12: Línea
A13: 80301001 | B13: 0301001 | C13: Acidificación del suero, test de Ham | D13: =IFERROR(VLOOKUP($A13,'Filtro '!$A$5:$H$347,2,FALSE),0) -> 0 | E13: =IFERROR(VLOOKUP($A13,'Filtro '!$A$5:$H$347,3,FALSE),0) -> 0 | F13: =IFERROR(VLOOKUP($A13,'Filtro '!$A$5:$H$347,4,FALSE),0) -> 0 | G13: =IFERROR(VLOOKUP($A13,'Filtro '!$A$5:$H$347,5,FALSE),0) -> 0 | H13: 13
A14: 80301002 | B14: 0301002 | C14: Acido fólico o folatos | D14: =IFERROR(VLOOKUP($A14,'Filtro '!$A$5:$H$347,2,FALSE),0) -> 0 | E14: =IFERROR(VLOOKUP($A14,'Filtro '!$A$5:$H$347,3,FALSE),0) -> 0 | F14: =IFERROR(VLOOKUP($A14,'Filtro '!$A$5:$H$347,4,FALSE),0) -> 0 | G14: =IFERROR(VLOOKUP($A14,'Filtro '!$A$5:$H$347,5,FALSE),0) -> 24 | H14: 14
A15: 80301003 | B15: 0301003 | C15: Adenograma, esplenograma, mielograma c/u | D15: =IFERROR(VLOOKUP($A15,'Filtro '!$A$5:$H$347,2,FALSE),0) -> 0 | E15: =IFERROR(VLOOKUP($A15,'Filtro '!$A$5:$H$347,3,FALSE),0) -> 0 | F15: =IFERROR(VLOOKUP($A15,'Filtro '!$A$5:$H$347,4,FALSE),0) -> 0 | G15: =IFERROR(VLOOKUP($A15,'Filtro '!$A$5:$H$347,5,FALSE),0) -> 0 | H15: 15
A16: 80301004 | B16: 0301004 | C16: Adhesividad plaquetaria | D16: =IFERROR(VLOOKUP($A16,'Filtro '!$A$5:$H$347,2,FALSE),0) -> 0 | E16: =IFERROR(VLOOKUP($A16,'Filtro '!$A$5:$H$347,3,FALSE),0) -> 0 | F16: =IFERROR(VLOOKUP($A16,'Filtro '!$A$5:$H$347,4,FALSE),0) -> 0 | G16: =IFERROR(VLOOKUP($A16,'Filtro '!$A$5:$H$347,5,FALSE),0) -> 0 | H16: 16
A17: 80301005 | B17: 0301005 | C17: Aglutininas anti Rho | D17: =IFERROR(VLOOKUP($A17,'Filtro '!$A$5:$H$347,2,FALSE),0) -> 0 | E17: =IFERROR(VLOOKUP($A17,'Filtro '!$A$5:$H$347,3,FALSE),0) -> 0 | F17: =IFERROR(VLOOKUP($A17,'Filtro '!$A$5:$H$347,4,FALSE),0) -> 0 | G17: =IFERROR(VLOOKUP($A17,'Filtro '!$A$5:$H$347,5,FALSE),0) -> 0 | H17: 17
A18: 80301006 | B18: 0301006 | C18: Agregación plaquetaria | D18: =IFERROR(VLOOKUP($A18,'Filtro '!$A$5:$H$347,2,FALSE),0) -> 0 | E18: =IFERROR(VLOOKUP($A18,'Filtro '!$A$5:$H$347,3,FALSE),0) -> 0 | F18: =IFERROR(VLOOKUP($A18,'Filtro '!$A$5:$H$347,4,FALSE),0) -> 0 | G18: =IFERROR(VLOOKUP($A18,'Filtro '!$A$5:$H$347,5,FALSE),0) -> 0 | H18: 18
A19: 80301007 | B19: 0301007 | C19: Anticoagulantes circulantes o anticoagulante lúpico | D19: =IFERROR(VLOOKUP($A19,'Filtro '!$A$5:$H$347,2,FALSE),0) -> 0 | E19: =IFERROR(VLOOKUP($A19,'Filtro '!$A$5:$H$347,3,FALSE),0) -> 0 | F19: =IFERROR(VLOOKUP($A19,'Filtro '!$A$5:$H$347,4,FALSE),0) -> 0 | G19: =IFERROR(VLOOKUP($A19,'Filtro '!$A$5:$H$347,5,FALSE),0) -> 0 | H19: 19
A20: 80301008 | B20: 0301008 | C20: Antitrombina III | D20: =IFERROR(VLOOKUP($A20,'Filtro '!$A$5:$H$347,2,FALSE),0) -> 0 | E20: =IFERROR(VLOOKUP($A20,'Filtro '!$A$5:$H$347,3,FALSE),0) -> 0 | F20: =IFERROR(VLOOKUP($A20,'Filtro '!$A$5:$H$347,4,FALSE),0) -> 0 | G20: =IFERROR(VLOOKUP($A20,'Filtro '!$A$5:$H$347,5,FALSE),0) -> 0 | H20: 20
A21: 80301009 | B21: 0301009 | C21: Auto-hemólisis test, con y sin glucosa | D21: =IFERROR(VLOOKUP($A21,'Filtro '!$A$5:$H$347,2,FALSE),0) -> 0 | E21: =IFERROR(VLOOKUP($A21,'Filtro '!$A$5:$H$347,3,FALSE),0) -> 0 | F21: =IFERROR(VLOOKUP($A21,'Filtro '!$A$5:$H$347,4,FALSE),0) -> 0 | G21: =IFERROR(VLOOKUP($A21,'Filtro '!$A$5:$H$347,5,FALSE),0) -> 0 | H21: 21
A22: 80301010 | B22: 0301010 | C22: Células del lupus, cada muestra | D22: =IFERROR(VLOOKUP($A22,'Filtro '!$A$5:$H$347,2,FALSE),0) -> 0 | E22: =IFERROR(VLOOKUP($A22,'Filtro '!$A$5:$H$347,3,FALSE),0) -> 0 | F22: =IFERROR(VLOOKUP($A22,'Filtro '!$A$5:$H$347,4,FALSE),0) -> 0 | G22: =IFERROR(VLOOKUP($A22,'Filtro '!$A$5:$H$347,5,FALSE),0) -> 0 | H22: 22
A23: 80301011 | B23: 0301011 | C23: Coagulación, tiempo de | D23: =IFERROR(VLOOKUP($A23,'Filtro '!$A$5:$H$347,2,FALSE),0) -> 0 | E23: =IFERROR(VLOOKUP($A23,'Filtro '!$A$5:$H$347,3,FALSE),0) -> 0 | F23: =IFERROR(VLOOKUP($A23,'Filtro '!$A$5:$H$347,4,FALSE),0) -> 0 | G23: =IFERROR(VLOOKUP($A23,'Filtro '!$A$5:$H$347,5,FALSE),0) -> 196 | H23: 23
A24: 80301012 | B24: 0301012 | C24: Coágulo, tiempo de retracción del | D24: =IFERROR(VLOOKUP($A24,'Filtro '!$A$5:$H$347,2,FALSE),0) -> 0 | E24: =IFERROR(VLOOKUP($A24,'Filtro '!$A$5:$H$347,3,FALSE),0) -> 0 | F24: =IFERROR(VLOOKUP($A24,'Filtro '!$A$5:$H$347,4,FALSE),0) -> 0 | G24: =IFERROR(VLOOKUP($A24,'Filtro '!$A$5:$H$347,5,FALSE),0) -> 0 | H24: 24
... A97: 80301093 | B97: 0301093 | C97: Resistencia Proteína C | D97: =IFERROR(VLOOKUP($A97,'Filtro '!$A$5:$H$347,2,FALSE),0) -> 0 | E97: =IFERROR(VLOOKUP($A97,'Filtro '!$A$5:$H$347,3,FALSE),0) -> 0 | F97: =IFERROR(VLOOKUP($A97,'Filtro '!$A$5:$H$347,4,FALSE),0) -> 0 | G97: =IFERROR(VLOOKUP($A97,'Filtro '!$A$5:$H$347,5,FALSE),0) -> 0 | H97: 97
B98: TOTAL | D98: =SUM(D13:D97) -> 72523 | E98: =SUM(E13:E97) -> 0 | F98: =SUM(F13:F97) -> 72523 | G98: =SUM(G13:G97) -> 193931 | H98: 98
H99: 99
B100: SANGRE BIOQUÍMICO | H100: 100
A101: 80302001 | B101: 0302001 | C101: Acetona cualitativa | D101: =IFERROR(VLOOKUP($A101,'Filtro '!$A$5:$H$347,2,FALSE),0) -> 0 | E101: =IFERROR(VLOOKUP($A101,'Filtro '!$A$5:$H$347,3,FALSE),0) -> 0 | F101: =IFERROR(VLOOKUP($A101,'Filtro '!$A$5:$H$347,4,FALSE),0) -> 0 | G101: =IFERROR(VLOOKUP($A101,'Filtro '!$A$5:$H$347,5,FALSE),0) -> 0 | H101: 101
A102: 80302002 | B102: 0302002 | C102: Acido cítrico | D102: =IFERROR(VLOOKUP($A102,'Filtro '!$A$5:$H$347,2,FALSE),0) -> 0 | E102: =IFERROR(VLOOKUP($A102,'Filtro '!$A$5:$H$347,3,FALSE),0) -> 0 | F102: =IFERROR(VLOOKUP($A102,'Filtro '!$A$5:$H$347,4,FALSE),0) -> 0 | G102: =IFERROR(VLOOKUP($A102,'Filtro '!$A$5:$H$347,5,FALSE),0) -> 0 | H102: 102
A103: 80302004 | B103: 0302004 | C103: Acido láctico | D103: =IFERROR(VLOOKUP($A103,'Filtro '!$A$5:$H$347,2,FALSE),0) -> 0 | E103: =IFERROR(VLOOKUP($A103,'Filtro '!$A$5:$H$347,3,FALSE),0) -> 0 | F103: =IFERROR(VLOOKUP($A103,'Filtro '!$A$5:$H$347,4,FALSE),0) -> 0 | G103: =IFERROR(VLOOKUP($A103,'Filtro '!$A$5:$H$347,5,FALSE),0) -> 0 | H103: 103
A104: 80302005 | B104: 0302005 | C104: Acido úrico, en sangre | D104: =IFERROR(VLOOKUP($A104,'Filtro '!$A$5:$H$347,2,FALSE),0) -> 21993 | E104: =IFERROR(VLOOKUP($A104,'Filtro '!$A$5:$H$347,3,FALSE),0) -> 0 | F104: =IFERROR(VLOOKUP($A104,'Filtro '!$A$5:$H$347,4,FALSE),0) -> 21993 | G104: =IFERROR(VLOOKUP($A104,'Filtro '!$A$5:$H$347,5,FALSE),0) -> 39345 | H104: 104
A105: 80302006 | B105: 0302006 | C105: Alcohol etílico | D105: =IFERROR(VLOOKUP($A105,'Filtro '!$A$5:$H$347,2,FALSE),0) -> 0 | E105: =IFERROR(VLOOKUP($A105,'Filtro '!$A$5:$H$347,3,FALSE),0) -> 0 | F105: =IFERROR(VLOOKUP($A105,'Filtro '!$A$5:$H$347,4,FALSE),0) -> 0 | G105: =IFERROR(VLOOKUP($A105,'Filtro '!$A$5:$H$347,5,FALSE),0) -> 0 | H105: 105
A106: 80302007 | B106: 0302007 | C106: Aldolasa | D106: =IFERROR(VLOOKUP($A106,'Filtro '!$A$5:$H$347,2,FALSE),0) -> 0 | E106: =IFERROR(VLOOKUP($A106,'Filtro '!$A$5:$H$347,3,FALSE),0) -> 0 | F106: =IFERROR(VLOOKUP($A106,'Filtro '!$A$5:$H$347,4,FALSE),0) -> 0 | G106: =IFERROR(VLOOKUP($A106,'Filtro '!$A$5:$H$347,5,FALSE),0) -> 0 | H106: 106
A107: 80302008 | B107: 0302008 | C107: Amilasa, en sangre | D107: =IFERROR(VLOOKUP($A107,'Filtro '!$A$5:$H$347,2,FALSE),0) -> 0 | E107: =IFERROR(VLOOKUP($A107,'Filtro '!$A$5:$H$347,3,FALSE),0) -> 0 | F107: =IFERROR(VLOOKUP($A107,'Filtro '!$A$5:$H$347,4,FALSE),0) -> 0 | G107: =IFERROR(VLOOKUP($A107,'Filtro '!$A$5:$H$347,5,FALSE),0) -> 76 | H107: 107
A108: 80302009 | B108: 0302009 | C108: Aminoácidos, cualitativo en sangre | D108: =IFERROR(VLOOKUP($A108,'Filtro '!$A$5:$H$347,2,FALSE),0) -> 0 | E108: =IFERROR(VLOOKUP($A108,'Filtro '!$A$5:$H$347,3,FALSE),0) -> 0 | F108: =IFERROR(VLOOKUP($A108,'Filtro '!$A$5:$H$347,4,FALSE),0) -> 0 | G108: =IFERROR(VLOOKUP($A108,'Filtro '!$A$5:$H$347,5,FALSE),0) -> 0 | H108: 108
A109: 80302010 | B109: 0302010 | C109: Amonio | D109: =IFERROR(VLOOKUP($A109,'Filtro '!$A$5:$H$347,2,FALSE),0) -> 0 | E109: =IFERROR(VLOOKUP($A109,'Filtro '!$A$5:$H$347,3,FALSE),0) -> 0 | F109: =IFERROR(VLOOKUP($A109,'Filtro '!$A$5:$H$347,4,FALSE),0) -> 0 | G109: =IFERROR(VLOOKUP($A109,'Filtro '!$A$5:$H$347,5,FALSE),0) -> 0 | H109: 109
A110: 80302070 | B110: 0302070 | C110: Apolipoproteínas (A1, B u otras) | D110: =IFERROR(VLOOKUP($A110,'Filtro '!$A$5:$H$347,2,FALSE),0) -> 0 | E110: =IFERROR(VLOOKUP($A110,'Filtro '!$A$5:$H$347,3,FALSE),0) -> 0 | F110: =IFERROR(VLOOKUP($A110,'Filtro '!$A$5:$H$347,4,FALSE),0) -> 0 | G110: =IFERROR(VLOOKUP($A110,'Filtro '!$A$5:$H$347,5,FALSE),0) -> 0 | H110: 110
A111: 80302011 | B111: 0302011 | C111: Bicarbonato (proc. aut.) | D111: =IFERROR(VLOOKUP($A111,'Filtro '!$A$5:$H$347,2,FALSE),0) -> 0 | E111: =IFERROR(VLOOKUP($A111,'Filtro '!$A$5:$H$347,3,FALSE),0) -> 0 | F111: =IFERROR(VLOOKUP($A111,'Filtro '!$A$5:$H$347,4,FALSE),0) -> 0 | G111: =IFERROR(VLOOKUP($A111,'Filtro '!$A$5:$H$347,5,FALSE),0) -> 0 | H111: 111
A112: 80302012 | B112: 0302012 | C112: Bilirrubina total (proc. aut.) | D112: =IFERROR(VLOOKUP($A112,'Filtro '!$A$5:$H$347,2,FALSE),0) -> 173 | E112: =IFERROR(VLOOKUP($A112,'Filtro '!$A$5:$H$347,3,FALSE),0) -> 0 | F112: =IFERROR(VLOOKUP($A112,'Filtro '!$A$5:$H$347,4,FALSE),0) -> 173 | G112: =IFERROR(VLOOKUP($A112,'Filtro '!$A$5:$H$347,5,FALSE),0) -> 691 | H112: 112
... A169: 80302066 | B169: 0302066 | C169: Xilosa, prueba de absorción (no incluye la xilosa que se administra) | D169: =IFERROR(VLOOKUP($A169,'Filtro '!$A$5:$H$347,2,FALSE),0) -> 0 | E169: =IFERROR(VLOOKUP($A169,'Filtro '!$A$5:$H$347,3,FALSE),0) -> 0 | F169: =IFERROR(VLOOKUP($A169,'Filtro '!$A$5:$H$347,4,FALSE),0) -> 0 | G169: =IFERROR(VLOOKUP($A169,'Filtro '!$A$5:$H$347,5,FALSE),0) -> 0 | H169: 169
B170: TOTAL | D170: =SUM(D101:D169) -> 250441 | E170: =SUM(E101:E169) -> 0 | F170: =SUM(F101:F169) -> 250441 | G170: =SUM(G101:G169) -> 627947 | H170: 170
H171: 171
B172: EXÁMENES HORMONALES | H172: 172
A173: 80303015 | B173: 0303015 | C173: Hormona folículo estimulante (FSH) | D173: =IFERROR(VLOOKUP($A173,'Filtro '!$A$5:$H$347,2,FALSE),0) -> 11 | E173: =IFERROR(VLOOKUP($A173,'Filtro '!$A$5:$H$347,3,FALSE),0) -> 0 | F173: =IFERROR(VLOOKUP($A173,'Filtro '!$A$5:$H$347,4,FALSE),0) -> 11 | G173: =IFERROR(VLOOKUP($A173,'Filtro '!$A$5:$H$347,5,FALSE),0) -> 171 | H173: 173
A174: 80303024 | B174: 0303024 | C174: Tiroestimulante (TSH), hormona (adulto, niño o R.N.) | D174: =IFERROR(VLOOKUP($A174,'Filtro '!$A$5:$H$347,2,FALSE),0) -> 28005 | E174: =IFERROR(VLOOKUP($A174,'Filtro '!$A$5:$H$347,3,FALSE),0) -> 0 | F174: =IFERROR(VLOOKUP($A174,'Filtro '!$A$5:$H$347,4,FALSE),0) -> 28005 | G174: =IFERROR(VLOOKUP($A174,'Filtro '!$A$5:$H$347,5,FALSE),0) -> 72874 | H174: 174
A175: 80303025 | B175: 0303025 | C175: Tiroglobulina | D175: =IFERROR(VLOOKUP($A175,'Filtro '!$A$5:$H$347,2,FALSE),0) -> 0 | E175: =IFERROR(VLOOKUP($A175,'Filtro '!$A$5:$H$347,3,FALSE),0) -> 0 | F175: =IFERROR(VLOOKUP($A175,'Filtro '!$A$5:$H$347,4,FALSE),0) -> 0 | G175: =IFERROR(VLOOKUP($A175,'Filtro '!$A$5:$H$347,5,FALSE),0) -> 39 | H175: 175
A176: 80303026 | B176: 0303026 | C176: Tiroxina libre (T4L) | D176: =IFERROR(VLOOKUP($A176,'Filtro '!$A$5:$H$347,2,FALSE),0) -> 19899 | E176: =IFERROR(VLOOKUP($A176,'Filtro '!$A$5:$H$347,3,FALSE),0) -> 0 | F176: =IFERROR(VLOOKUP($A176,'Filtro '!$A$5:$H$347,4,FALSE),0) -> 19899 | G176: =IFERROR(VLOOKUP($A176,'Filtro '!$A$5:$H$347,5,FALSE),0) -> 26760 | H176: 176
A177: 80303027 | B177: 0303027 | C177: Tiroxina o tetrayodotironina (T4) | D177: =IFERROR(VLOOKUP($A177,'Filtro '!$A$5:$H$347,2,FALSE),0) -> 399 | E177: =IFERROR(VLOOKUP($A177,'Filtro '!$A$5:$H$347,3,FALSE),0) -> 0 | F177: =IFERROR(VLOOKUP($A177,'Filtro '!$A$5:$H$347,4,FALSE),0) -> 399 | G177: =IFERROR(VLOOKUP($A177,'Filtro '!$A$5:$H$347,5,FALSE),0) -> 110 | H177: 177
A178: 80303028 | B178: 0303028 | C178: Triyodotironina (T3) | D178: =IFERROR(VLOOKUP($A178,'Filtro '!$A$5:$H$347,2,FALSE),0) -> 257 | E178: =IFERROR(VLOOKUP($A178,'Filtro '!$A$5:$H$347,3,FALSE),0) -> 0 | F178: =IFERROR(VLOOKUP($A178,'Filtro '!$A$5:$H$347,4,FALSE),0) -> 257 | G178: =IFERROR(VLOOKUP($A178,'Filtro '!$A$5:$H$347,5,FALSE),0) -> 43 | H178: 178
B179: TOTAL | D179: =SUM(D173:D178) -> 48571 | E179: =SUM(E173:E178) -> 0 | F179: =SUM(F173:F178) -> 48571 | G179: =SUM(G173:G178) -> 99997 | H179: 179
H180: 180
B181: INMUNOLÓGICOS | H181: 181
A182: 80305001 | B182: 0305001 | C182: Alfa -1- antitripsina cuantitativa | D182: =IFERROR(VLOOKUP($A182,'Filtro '!$A$5:$H$347,2,FALSE),0) -> 0 | E182: =IFERROR(VLOOKUP($A182,'Filtro '!$A$5:$H$347,3,FALSE),0) -> 0 | F182: =IFERROR(VLOOKUP($A182,'Filtro '!$A$5:$H$347,4,FALSE),0) -> 0 | G182: =IFERROR(VLOOKUP($A182,'Filtro '!$A$5:$H$347,5,FALSE),0) -> 0 | H182: 182
A183: 80305002 | B183: 0305002 | C183: Alfa -2- macroglobulina | D183: =IFERROR(VLOOKUP($A183,'Filtro '!$A$5:$H$347,2,FALSE),0) -> 0 | E183: =IFERROR(VLOOKUP($A183,'Filtro '!$A$5:$H$347,3,FALSE),0) -> 0 | F183: =IFERROR(VLOOKUP($A183,'Filtro '!$A$5:$H$347,4,FALSE),0) -> 0 | G183: =IFERROR(VLOOKUP($A183,'Filtro '!$A$5:$H$347,5,FALSE),0) -> 0 | H183: 183
A184: 80305003 | B184: 0305003 | C184: Alfa fetoproteínas | D184: =IFERROR(VLOOKUP($A184,'Filtro '!$A$5:$H$347,2,FALSE),0) -> 0 | E184: =IFERROR(VLOOKUP($A184,'Filtro '!$A$5:$H$347,3,FALSE),0) -> 0 | F184: =IFERROR(VLOOKUP($A184,'Filtro '!$A$5:$H$347,4,FALSE),0) -> 0 | G184: =IFERROR(VLOOKUP($A184,'Filtro '!$A$5:$H$347,5,FALSE),0) -> 0 | H184: 184
A185: 80305004 | B185: 0305004 | C185: Tamizaje de Anticuerpos anti antígenos nucleares extractables (a- ENA: Sm, RNP, Ro, La, Scl- 70 y Jo- 1) | D185: =IFERROR(VLOOKUP($A185,'Filtro '!$A$5:$H$347,2,FALSE),0) -> 0 | E185: =IFERROR(VLOOKUP($A185,'Filtro '!$A$5:$H$347,3,FALSE),0) -> 0 | F185: =IFERROR(VLOOKUP($A185,'Filtro '!$A$5:$H$347,4,FALSE),0) -> 0 | G185: =IFERROR(VLOOKUP($A185,'Filtro '!$A$5:$H$347,5,FALSE),0) -> 3 | H185: 185
A186: 80305005 | B186: 0305005 | C186: Anticuerpos antinucleares (ANA), antimitocondriales, anti DNA (ADNA), anti músculo liso, anticentrómero, u otros, c/u. | D186: =IFERROR(VLOOKUP($A186,'Filtro '!$A$5:$H$347,2,FALSE),0) -> 0 | E186: =IFERROR(VLOOKUP($A186,'Filtro '!$A$5:$H$347,3,FALSE),0) -> 0 | F186: =IFERROR(VLOOKUP($A186,'Filtro '!$A$5:$H$347,4,FALSE),0) -> 0 | G186: =IFERROR(VLOOKUP($A186,'Filtro '!$A$5:$H$347,5,FALSE),0) -> 125 | H186: 186
A187: 80305006 | B187: 0305006 | C187: Anticuerpos atípicos, pannel de identificación | D187: =IFERROR(VLOOKUP($A187,'Filtro '!$A$5:$H$347,2,FALSE),0) -> 0 | E187: =IFERROR(VLOOKUP($A187,'Filtro '!$A$5:$H$347,3,FALSE),0) -> 0 | F187: =IFERROR(VLOOKUP($A187,'Filtro '!$A$5:$H$347,4,FALSE),0) -> 0 | G187: =IFERROR(VLOOKUP($A187,'Filtro '!$A$5:$H$347,5,FALSE),0) -> 0 | H187: 187
A188: 80305007 | B188: 0305007 | C188: Anticuerpos específicos y otros autoanticuerpos (anticuerpos antitiroídeos: anticuerpos antimicrosomales y antitiroglobulinas y otros anticuerpos: prostático, espermios, etc.) c/u | D188: =IFERROR(VLOOKUP($A188,'Filtro '!$A$5:$H$347,2,FALSE),0) -> 0 | E188: =IFERROR(VLOOKUP($A188,'Filtro '!$A$5:$H$347,3,FALSE),0) -> 0 | F188: =IFERROR(VLOOKUP($A188,'Filtro '!$A$5:$H$347,4,FALSE),0) -> 0 | G188: =IFERROR(VLOOKUP($A188,'Filtro '!$A$5:$H$347,5,FALSE),0) -> 1 | H188: 188
A189: 80305008 | B189: 0305008 | C189: Antiestreptolisina O, por técnica de látex | D189: =IFERROR(VLOOKUP($A189,'Filtro '!$A$5:$H$347,2,FALSE),0) -> 0 | E189: =IFERROR(VLOOKUP($A189,'Filtro '!$A$5:$H$347,3,FALSE),0) -> 0 | F189: =IFERROR(VLOOKUP($A189,'Filtro '!$A$5:$H$347,4,FALSE),0) -> 0 | G189: =IFERROR(VLOOKUP($A189,'Filtro '!$A$5:$H$347,5,FALSE),0) -> 0 | H189: 189
A190: 80305009 | B190: 0305009 | C190: Antígeno carcinoembrionario (CEA) | D190: =IFERROR(VLOOKUP($A190,'Filtro '!$A$5:$H$347,2,FALSE),0) -> 0 | E190: =IFERROR(VLOOKUP($A190,'Filtro '!$A$5:$H$347,3,FALSE),0) -> 0 | F190: =IFERROR(VLOOKUP($A190,'Filtro '!$A$5:$H$347,4,FALSE),0) -> 0 | G190: =IFERROR(VLOOKUP($A190,'Filtro '!$A$5:$H$347,5,FALSE),0) -> 0 | H190: 190
A191: 80305070 | B191: 0305070 | C191: Antígeno prostático específico | D191: =IFERROR(VLOOKUP($A191,'Filtro '!$A$5:$H$347,2,FALSE),0) -> 1605 | E191: =IFERROR(VLOOKUP($A191,'Filtro '!$A$5:$H$347,3,FALSE),0) -> 0 | F191: =IFERROR(VLOOKUP($A191,'Filtro '!$A$5:$H$347,4,FALSE),0) -> 1605 | G191: =IFERROR(VLOOKUP($A191,'Filtro '!$A$5:$H$347,5,FALSE),0) -> 5566 | H191: 191
A192: 80305170 | B192: 0305170 | C192: Antígeno Ca 125, Ca 15-3 y Ca 19-9, c/u | D192: =IFERROR(VLOOKUP($A192,'Filtro '!$A$5:$H$347,2,FALSE),0) -> 0 | E192: =IFERROR(VLOOKUP($A192,'Filtro '!$A$5:$H$347,3,FALSE),0) -> 0 | F192: =IFERROR(VLOOKUP($A192,'Filtro '!$A$5:$H$347,4,FALSE),0) -> 0 | G192: =IFERROR(VLOOKUP($A192,'Filtro '!$A$5:$H$347,5,FALSE),0) -> 21 | H192: 192
A193: 80305010 | B193: 0305010 | C193: Beta-2-microglobulina | D193: =IFERROR(VLOOKUP($A193,'Filtro '!$A$5:$H$347,2,FALSE),0) -> 0 | E193: =IFERROR(VLOOKUP($A193,'Filtro '!$A$5:$H$347,3,FALSE),0) -> 0 | F193: =IFERROR(VLOOKUP($A193,'Filtro '!$A$5:$H$347,4,FALSE),0) -> 0 | G193: =IFERROR(VLOOKUP($A193,'Filtro '!$A$5:$H$347,5,FALSE),0) -> 9 | H193: 193
... A238: 80305063 | B238: 0305063 | C238: Tipificación HLA - A, B serológica | D238: =IFERROR(VLOOKUP($A238,'Filtro '!$A$5:$H$347,2,FALSE),0) -> 0 | E238: =IFERROR(VLOOKUP($A238,'Filtro '!$A$5:$H$347,3,FALSE),0) -> 0 | F238: =IFERROR(VLOOKUP($A238,'Filtro '!$A$5:$H$347,4,FALSE),0) -> 0 | G238: =IFERROR(VLOOKUP($A238,'Filtro '!$A$5:$H$347,5,FALSE),0) -> 0 | H238: 238
B239: TOTAL | D239: =SUM(D182:D238) -> 2766 | E239: =SUM(E182:E238) -> 0 | F239: =SUM(F182:F238) -> 2766 | G239: =SUM(G182:G238) -> 9445 | H239: 239
H240: 240
B241: MICROBIOLÓGICOS | H241: 241
A242: 80306001 | B242: 0306001 | C242: Baciloscopía Ziehl-Neelsen por concentración de líquidos (orina u otros), c/u | D242: =IFERROR(VLOOKUP($A242,'Filtro '!$A$5:$H$347,2,FALSE),0) -> 13 | E242: =IFERROR(VLOOKUP($A242,'Filtro '!$A$5:$H$347,3,FALSE),0) -> 0 | F242: =IFERROR(VLOOKUP($A242,'Filtro '!$A$5:$H$347,4,FALSE),0) -> 13 | G242: =IFERROR(VLOOKUP($A242,'Filtro '!$A$5:$H$347,5,FALSE),0) -> 134 | H242: 242
A243: 80306002 | B243: 0306002 | C243: Baciloscopía Ziehl-Neelsen, c/u | D243: =IFERROR(VLOOKUP($A243,'Filtro '!$A$5:$H$347,2,FALSE),0) -> 5 | E243: =IFERROR(VLOOKUP($A243,'Filtro '!$A$5:$H$347,3,FALSE),0) -> 0 | F243: =IFERROR(VLOOKUP($A243,'Filtro '!$A$5:$H$347,4,FALSE),0) -> 5 | G243: =IFERROR(VLOOKUP($A243,'Filtro '!$A$5:$H$347,5,FALSE),0) -> 1449 | H243: 243
A244: 80306004 | B244: 0306004 | C244: Examen directo al fresco, c/s tinción (incluye trichomonas) | D244: =IFERROR(VLOOKUP($A244,'Filtro '!$A$5:$H$347,2,FALSE),0) -> 14 | E244: =IFERROR(VLOOKUP($A244,'Filtro '!$A$5:$H$347,3,FALSE),0) -> 0 | F244: =IFERROR(VLOOKUP($A244,'Filtro '!$A$5:$H$347,4,FALSE),0) -> 14 | G244: =IFERROR(VLOOKUP($A244,'Filtro '!$A$5:$H$347,5,FALSE),0) -> 1 | H244: 244
A245: 80306005 | B245: 0306005 | C245: Tinción de Gram | D245: =IFERROR(VLOOKUP($A245,'Filtro '!$A$5:$H$347,2,FALSE),0) -> 260 | E245: =IFERROR(VLOOKUP($A245,'Filtro '!$A$5:$H$347,3,FALSE),0) -> 0 | F245: =IFERROR(VLOOKUP($A245,'Filtro '!$A$5:$H$347,4,FALSE),0) -> 260 | G245: =IFERROR(VLOOKUP($A245,'Filtro '!$A$5:$H$347,5,FALSE),0) -> 11 | H245: 245
A246: 80306006 | B246: 0306006 | C246: Ultramicroscopía (incluye toma de muestras) | D246: =IFERROR(VLOOKUP($A246,'Filtro '!$A$5:$H$347,2,FALSE),0) -> 0 | E246: =IFERROR(VLOOKUP($A246,'Filtro '!$A$5:$H$347,3,FALSE),0) -> 0 | F246: =IFERROR(VLOOKUP($A246,'Filtro '!$A$5:$H$347,4,FALSE),0) -> 0 | G246: =IFERROR(VLOOKUP($A246,'Filtro '!$A$5:$H$347,5,FALSE),0) -> 0 | H246: 246
A247: 80306007 | B247: 0306007 | C247: Coprocultivo, c/u | D247: =IFERROR(VLOOKUP($A247,'Filtro '!$A$5:$H$347,2,FALSE),0) -> 244 | E247: =IFERROR(VLOOKUP($A247,'Filtro '!$A$5:$H$347,3,FALSE),0) -> 0 | F247: =IFERROR(VLOOKUP($A247,'Filtro '!$A$5:$H$347,4,FALSE),0) -> 244 | G247: =IFERROR(VLOOKUP($A247,'Filtro '!$A$5:$H$347,5,FALSE),0) -> 188 | H247: 247
A248: 80306008 | B248: 0306008 | C248: Corriente (excepto coprocultivo, hemocultivo y urocultivo) c/u | D248: =IFERROR(VLOOKUP($A248,'Filtro '!$A$5:$H$347,2,FALSE),0) -> 208 | E248: =IFERROR(VLOOKUP($A248,'Filtro '!$A$5:$H$347,3,FALSE),0) -> 0 | F248: =IFERROR(VLOOKUP($A248,'Filtro '!$A$5:$H$347,4,FALSE),0) -> 208 | G248: =IFERROR(VLOOKUP($A248,'Filtro '!$A$5:$H$347,5,FALSE),0) -> 256 | H248: 248
A249: 80306009 | B249: 0306009 | C249: Hemocultivo aerobio, c/u | D249: =IFERROR(VLOOKUP($A249,'Filtro '!$A$5:$H$347,2,FALSE),0) -> 0 | E249: =IFERROR(VLOOKUP($A249,'Filtro '!$A$5:$H$347,3,FALSE),0) -> 0 | F249: =IFERROR(VLOOKUP($A249,'Filtro '!$A$5:$H$347,4,FALSE),0) -> 0 | G249: =IFERROR(VLOOKUP($A249,'Filtro '!$A$5:$H$347,5,FALSE),0) -> 0 | H249: 249
A250: 80306010 | B250: 0306010 | C250: Hemocultivo anaerobio, c/u | D250: =IFERROR(VLOOKUP($A250,'Filtro '!$A$5:$H$347,2,FALSE),0) -> 0 | E250: =IFERROR(VLOOKUP($A250,'Filtro '!$A$5:$H$347,3,FALSE),0) -> 0 | F250: =IFERROR(VLOOKUP($A250,'Filtro '!$A$5:$H$347,4,FALSE),0) -> 0 | G250: =IFERROR(VLOOKUP($A250,'Filtro '!$A$5:$H$347,5,FALSE),0) -> 0 | H250: 250
A251: 80306011 | B251: 0306011 | C251: Urocultivo, recuento de colonias y antibiograma (cualquier técnica) (incluye toma de orina aséptica) (no incluye recolector pediátrico) | D251: =IFERROR(VLOOKUP($A251,'Filtro '!$A$5:$H$347,2,FALSE),0) -> 8598 | E251: =IFERROR(VLOOKUP($A251,'Filtro '!$A$5:$H$347,3,FALSE),0) -> 0 | F251: =IFERROR(VLOOKUP($A251,'Filtro '!$A$5:$H$347,4,FALSE),0) -> 8598 | G251: =IFERROR(VLOOKUP($A251,'Filtro '!$A$5:$H$347,5,FALSE),0) -> 16064 | H251: 251
A252: 80306012 | B252: 0306012 | C252: Anaerobios (incluye cód. 03-06-008) | D252: =IFERROR(VLOOKUP($A252,'Filtro '!$A$5:$H$347,2,FALSE),0) -> 0 | E252: =IFERROR(VLOOKUP($A252,'Filtro '!$A$5:$H$347,3,FALSE),0) -> 0 | F252: =IFERROR(VLOOKUP($A252,'Filtro '!$A$5:$H$347,4,FALSE),0) -> 0 | G252: =IFERROR(VLOOKUP($A252,'Filtro '!$A$5:$H$347,5,FALSE),0) -> 1 | H252: 252
A253: 80306013 | B253: 0306013 | C253: Cultivo específico para Bordetella | D253: =IFERROR(VLOOKUP($A253,'Filtro '!$A$5:$H$347,2,FALSE),0) -> 0 | E253: =IFERROR(VLOOKUP($A253,'Filtro '!$A$5:$H$347,3,FALSE),0) -> 0 | F253: =IFERROR(VLOOKUP($A253,'Filtro '!$A$5:$H$347,4,FALSE),0) -> 0 | G253: =IFERROR(VLOOKUP($A253,'Filtro '!$A$5:$H$347,5,FALSE),0) -> 0 | H253: 253
... A319: 80306081 | B319: 0306081 | C319: Virus hepatitis C, anticuerpos de (anti HCV) | D319: =IFERROR(VLOOKUP($A319,'Filtro '!$A$5:$H$347,2,FALSE),0) -> 0 | E319: =IFERROR(VLOOKUP($A319,'Filtro '!$A$5:$H$347,3,FALSE),0) -> 0 | F319: =IFERROR(VLOOKUP($A319,'Filtro '!$A$5:$H$347,4,FALSE),0) -> 0 | G319: =IFERROR(VLOOKUP($A319,'Filtro '!$A$5:$H$347,5,FALSE),0) -> 19 | H319: 319
B320: TOTAL | D320: =SUM(D242:D319) -> 17791 | E320: =SUM(E242:E319) -> 0 | F320: =SUM(F242:F319) -> 17791 | G320: =SUM(G242:G319) -> 48049 | H320: 320
H321: 321
B322: EXÁMENES DE DEPOSICIONES, EXUDADOS, SECRESIONES Y OTROS LÍQUIDOS | H322: 322
A323: 80308001 | B323: 0308001 | C323: Azúcares reductores (Benedict-Fehling o similar) | D323: =IFERROR(VLOOKUP($A323,'Filtro '!$A$5:$H$347,2,FALSE),0) -> 2 | E323: =IFERROR(VLOOKUP($A323,'Filtro '!$A$5:$H$347,3,FALSE),0) -> 0 | F323: =IFERROR(VLOOKUP($A323,'Filtro '!$A$5:$H$347,4,FALSE),0) -> 2 | G323: =IFERROR(VLOOKUP($A323,'Filtro '!$A$5:$H$347,5,FALSE),0) -> 77 | H323: 323
A324: 80308002 | B324: 0308002 | C324: Balance graso (Van de Kamer) muestra de tres o más días | D324: =IFERROR(VLOOKUP($A324,'Filtro '!$A$5:$H$347,2,FALSE),0) -> 0 | E324: =IFERROR(VLOOKUP($A324,'Filtro '!$A$5:$H$347,3,FALSE),0) -> 0 | F324: =IFERROR(VLOOKUP($A324,'Filtro '!$A$5:$H$347,4,FALSE),0) -> 0 | G324: =IFERROR(VLOOKUP($A324,'Filtro '!$A$5:$H$347,5,FALSE),0) -> 0 | H324: 324
A325: 80308003 | B325: 0308003 | C325: Grasas neutras (Sudán III) | D325: =IFERROR(VLOOKUP($A325,'Filtro '!$A$5:$H$347,2,FALSE),0) -> 0 | E325: =IFERROR(VLOOKUP($A325,'Filtro '!$A$5:$H$347,3,FALSE),0) -> 0 | F325: =IFERROR(VLOOKUP($A325,'Filtro '!$A$5:$H$347,4,FALSE),0) -> 0 | G325: =IFERROR(VLOOKUP($A325,'Filtro '!$A$5:$H$347,5,FALSE),0) -> 0 | H325: 325
A326: 80308004 | B326: 0308004 | C326: Hemorragias ocultas, (bencidina, guayaco o test de Weber y similares), cualquier método, c/muestra | D326: =IFERROR(VLOOKUP($A326,'Filtro '!$A$5:$H$347,2,FALSE),0) -> 148 | E326: =IFERROR(VLOOKUP($A326,'Filtro '!$A$5:$H$347,3,FALSE),0) -> 0 | F326: =IFERROR(VLOOKUP($A326,'Filtro '!$A$5:$H$347,4,FALSE),0) -> 148 | G326: =IFERROR(VLOOKUP($A326,'Filtro '!$A$5:$H$347,5,FALSE),0) -> 948 | H326: 326
A327: 80308005 | B327: 0308005 | C327: Leucocitos fecales | D327: =IFERROR(VLOOKUP($A327,'Filtro '!$A$5:$H$347,2,FALSE),0) -> 129 | E327: =IFERROR(VLOOKUP($A327,'Filtro '!$A$5:$H$347,3,FALSE),0) -> 0 | F327: =IFERROR(VLOOKUP($A327,'Filtro '!$A$5:$H$347,4,FALSE),0) -> 129 | G327: =IFERROR(VLOOKUP($A327,'Filtro '!$A$5:$H$347,5,FALSE),0) -> 256 | H327: 327
A328: 80308006 | B328: 0308006 | C328: PH | D328: =IFERROR(VLOOKUP($A328,'Filtro '!$A$5:$H$347,2,FALSE),0) -> 0 | E328: =IFERROR(VLOOKUP($A328,'Filtro '!$A$5:$H$347,3,FALSE),0) -> 0 | F328: =IFERROR(VLOOKUP($A328,'Filtro '!$A$5:$H$347,4,FALSE),0) -> 0 | G328: =IFERROR(VLOOKUP($A328,'Filtro '!$A$5:$H$347,5,FALSE),0) -> 0 | H328: 328
A329: 80308007 | B329: 0308007 | C329: Porfirinas, c/u | D329: =IFERROR(VLOOKUP($A329,'Filtro '!$A$5:$H$347,2,FALSE),0) -> 0 | E329: =IFERROR(VLOOKUP($A329,'Filtro '!$A$5:$H$347,3,FALSE),0) -> 0 | F329: =IFERROR(VLOOKUP($A329,'Filtro '!$A$5:$H$347,4,FALSE),0) -> 0 | G329: =IFERROR(VLOOKUP($A329,'Filtro '!$A$5:$H$347,5,FALSE),0) -> 0 | H329: 329
A330: 80308008 | B330: 0308008 | C330: Urobilinógeno cuantitativo | D330: =IFERROR(VLOOKUP($A330,'Filtro '!$A$5:$H$347,2,FALSE),0) -> 0 | E330: =IFERROR(VLOOKUP($A330,'Filtro '!$A$5:$H$347,3,FALSE),0) -> 0 | F330: =IFERROR(VLOOKUP($A330,'Filtro '!$A$5:$H$347,4,FALSE),0) -> 0 | G330: =IFERROR(VLOOKUP($A330,'Filtro '!$A$5:$H$347,5,FALSE),0) -> 0 | H330: 330
A331: 80308009 | B331: 0308009 | C331: Células neoplásicas en fluídos biológicos | D331: =IFERROR(VLOOKUP($A331,'Filtro '!$A$5:$H$347,2,FALSE),0) -> 0 | E331: =IFERROR(VLOOKUP($A331,'Filtro '!$A$5:$H$347,3,FALSE),0) -> 0 | F331: =IFERROR(VLOOKUP($A331,'Filtro '!$A$5:$H$347,4,FALSE),0) -> 0 | G331: =IFERROR(VLOOKUP($A331,'Filtro '!$A$5:$H$347,5,FALSE),0) -> 0 | H331: 331
A332: 80308010 | B332: 0308010 | C332: Citológico c/s tinción (incluye examen al fresco, recuento celular y citológico porcentual) | D332: =IFERROR(VLOOKUP($A332,'Filtro '!$A$5:$H$347,2,FALSE),0) -> 1607 | E332: =IFERROR(VLOOKUP($A332,'Filtro '!$A$5:$H$347,3,FALSE),0) -> 0 | F332: =IFERROR(VLOOKUP($A332,'Filtro '!$A$5:$H$347,4,FALSE),0) -> 1607 | G332: =IFERROR(VLOOKUP($A332,'Filtro '!$A$5:$H$347,5,FALSE),0) -> 17 | H332: 332
A333: 80308011 | B333: 0308011 | C333: Directo al fresco c/s tinción, (incluye trichomonas) | D333: =IFERROR(VLOOKUP($A333,'Filtro '!$A$5:$H$347,2,FALSE),0) -> 0 | E333: =IFERROR(VLOOKUP($A333,'Filtro '!$A$5:$H$347,3,FALSE),0) -> 0 | F333: =IFERROR(VLOOKUP($A333,'Filtro '!$A$5:$H$347,4,FALSE),0) -> 0 | G333: =IFERROR(VLOOKUP($A333,'Filtro '!$A$5:$H$347,5,FALSE),0) -> 0 | H333: 333
A334: 80308012 | B334: 0308012 | C334: Electrolitos (sodio, potasio, cloro), c/u | D334: =IFERROR(VLOOKUP($A334,'Filtro '!$A$5:$H$347,2,FALSE),0) -> 50 | E334: =IFERROR(VLOOKUP($A334,'Filtro '!$A$5:$H$347,3,FALSE),0) -> 0 | F334: =IFERROR(VLOOKUP($A334,'Filtro '!$A$5:$H$347,4,FALSE),0) -> 50 | G334: =IFERROR(VLOOKUP($A334,'Filtro '!$A$5:$H$347,5,FALSE),0) -> 1945 | H334: 334
... A366: 80308044 | B366: 0308044 | C366: Flujo vaginal o secreción uretral, estudio de (incluye toma de muestra y códigos 03-06-004, 03-06-005, 03-06-008, 03-06-017, y 03-06-026 ) | D366: =IFERROR(VLOOKUP($A366,'Filtro '!$A$5:$H$347,2,FALSE),0) -> 126 | E366: =IFERROR(VLOOKUP($A366,'Filtro '!$A$5:$H$347,3,FALSE),0) -> 0 | F366: =IFERROR(VLOOKUP($A366,'Filtro '!$A$5:$H$347,4,FALSE),0) -> 126 | G366: =IFERROR(VLOOKUP($A366,'Filtro '!$A$5:$H$347,5,FALSE),0) -> 41 | H366: 366
B367: TOTAL | D367: =SUM(D323:D366) -> 2067 | E367: =SUM(E323:E366) -> 0 | F367: =SUM(F323:F366) -> 2067 | G367: =SUM(G323:G366) -> 5448 | H367: 367
H368: 368
B369: EXÁMENES DE ORINA | H369: 369
A370: 80309001 | B370: 0309001 | C370: Acido ascórbico | D370: =IFERROR(VLOOKUP($A370,'Filtro '!$A$5:$H$347,2,FALSE),0) -> 0 | E370: =IFERROR(VLOOKUP($A370,'Filtro '!$A$5:$H$347,3,FALSE),0) -> 0 | F370: =IFERROR(VLOOKUP($A370,'Filtro '!$A$5:$H$347,4,FALSE),0) -> 0 | G370: =IFERROR(VLOOKUP($A370,'Filtro '!$A$5:$H$347,5,FALSE),0) -> 0 | H370: 370
A371: 80309002 | B371: 0309002 | C371: Acido delta aminolevulínico | D371: =IFERROR(VLOOKUP($A371,'Filtro '!$A$5:$H$347,2,FALSE),0) -> 0 | E371: =IFERROR(VLOOKUP($A371,'Filtro '!$A$5:$H$347,3,FALSE),0) -> 0 | F371: =IFERROR(VLOOKUP($A371,'Filtro '!$A$5:$H$347,4,FALSE),0) -> 0 | G371: =IFERROR(VLOOKUP($A371,'Filtro '!$A$5:$H$347,5,FALSE),0) -> 0 | H371: 371
...
